 Dungeon Crawl Stone Soup version 0.23.1 (webtiles) character file.

Game seed: 391953497985996085

242 reztzret the Cleaver (level 6, -1/76 HPs)
             Began as a Hill Orc Berserker on Mar 15, 2019.
             Was a Believer of Trog.
             Slain by a worm (8 damage)
             ... on level 3 of the Dungeon.
             The game lasted 00:02:45 (1787 turns).

reztzret the Cleaver (Hill Orc Berserker)           Turns: 1787, Time: 00:02:46

Health: -1/76      AC:  9    Str: 27    XL:     6   Next: 9%
Magic:  6/6        EV:  9    Int:  7    God:    Trog [**....]
Gold:   91         SH:  0    Dex: 10    Spells: 5/5 levels left

rFire    . . .     SeeInvis .   a - +0 hand axe
rCold    . . .     Gourm    .   (no shield)
rNeg     . . .     Faith    .   h - +0 chain mail
rPois    .         Spirit   .   (no helmet)
rElec    .         Reflect  .   g - +0 cloak
rCorr    .         Harm     .   (no gloves)
MR       ++...                  (no boots)
Stlth    ..........             (no amulet)
HPRegen  1.22/turn              (no ring)
MPRegen  0.10/turn              (no ring)

@: berserking, lethally poisoned (-1 -> -2), regenerating, very quick
A: no striking features
a: Berserk, Trog's Hand, Renounce Religion


You were on level 3 of the Dungeon.
You worshipped Trog.
Trog was pleased with you.
You were near starving.

You visited 1 branch of the dungeon, and saw 3 of its levels.

You collected 91 gold pieces.

Inventory:

Hand Weapons
 a - a +0 hand axe (weapon)
Armour
 b - a +0 animal skin
 g - a +0 cloak (worn)
 h - a +0 chain mail (worn)
Scrolls
 d - a scroll of immolation {unknown}
 e - 4 scrolls of identify {unknown}
 f - 3 scrolls of teleportation {unknown}
 j - a scroll of enchant armour {unknown}
 k - 2 scrolls of blinking {unknown}
 l - a scroll of random uselessness {unknown}
 p - a scroll of fog {unknown}
 q - a scroll of remove curse {unknown}
 r - 2 scrolls of magic mapping {unknown}
Potions
 i - a potion of berserk rage {unknown}
 m - a potion of haste {unknown}
 n - 2 potions of curing {unknown}
Comestibles
 c - 4 rations
 o - 2 chunks of flesh


   Skills:
 - Level 3.6 Fighting
 + Level 8.6 Axes
 - Level 2.1 Armour
 - Level 1.5 Dodging
 + Level 0.7 Stealth


You had 5 spell levels left.
You didn't know any spells.
Your spell library was empty.

Dungeon Overview and Level Annotations

Branches:
Dungeon (3/15)

Altars:
Trog


Message History

The scorpion stings you.
* * * LOW HITPOINT WARNING * * *
You hit the scorpion.
The scorpion is almost dead.
You hit the worm.
You feel sick. The worm bites you!
* * * LOW HITPOINT WARNING * * *
The scorpion stings you but does no damage.
You slash the scorpion!
You kill the scorpion!
Trog accepts your kill.
You have reached level 6!
Your experience leads to an increase in your attributes!
Increase (S)trength, (I)ntelligence, or (D)exterity?
You feel stronger.
You hit the worm.
You feel sick.
A red film seems to cover your vision as you go berserk!
You feel yourself moving faster!
You feel mighty!
You are near starving!
You feel sick. The worm bites you!
You die...

#.........#
#.........+..
###########
#########.#.. #.###
########### #.#
#......?..# #.##
#.........######## #..#
#................####.##
#..............).'.....)
......†@†........####.)#
......w..†.....^.# ##.#
..........######$# #..
..........# #.# ##.
#.......... #.# #.
#...<....... ..# ##
#............ ### #
#............# # #######
#


You could see a worm.

Vanquished Creatures
  A bullfrog (D:3)
  A scorpion (D:3)
  An orc wizard (D:3)
  3 adders
  A dart slug (D:1)
  3 worms
  3 leopard geckos
  2 orcs (D:3)
  10 bats
  2 giant cockroaches
  10 hobgoblins
  A ball python (D:1)
  3 frilled lizards
  3 goblins
  10 kobolds
  8 rats
62 creatures vanquished.

Notes
Turn   | Place    | Note
-------+----------+-------------------------------------------
     0 | D:1      | reztzret the Hill Orc Berserker began the quest for the
                  | Orb.
     0 | D:1      | Reached XP level 1. HP: 19/19 MP: 1/1
   199 | D:1      | Reached XP level 2. HP: 23/26 MP: 2/2
   247 | D:1      | Reached skill level 5 in Axes
   648 | D:2      | Reached XP level 3. HP: 31/31 MP: 3/3
   731 | D:2      | Reached ** piety under Trog
   837 | D:2      | Reached skill level 6 in Axes
  1014 | D:2      | Found a bloodstained altar of Trog.
  1022 | D:2      | Reached XP level 4. HP: 39/39 MP: 4/4
  1384 | D:3      | Found a faded altar of an unknown god.
  1539 | D:3      | Reached skill level 7 in Axes
  1539 | D:3      | Reached XP level 5. HP: 33/45 MP: 5/5
  1567 | D:3      | Reached skill level 8 in Axes
  1786 | D:3      | Reached XP level 6. HP: 5/51 MP: 6/6
  1787 | D:3      | Slain by a worm

Skill      XL: |  1  2  3  4  5 |
---------------+----------------+-----
Axes           | 5 6 7 8 |  8.6
Fighting       | |  3.6
Armour         | |  2.1
Dodging        | |  1.5
Stealth        | |  0.7

Action                   |  1- 3 |  4- 6 || total
-------------------------+-------+-------++-------
Melee: Hand axe          |   120 |   132 ||   252
Invok: Trog's Hand       |     2 |     5 ||     7
       Berserk           |       |     1 ||     1
  Eat: Chunk             |     1 |     4 ||     5
Armor: Animal skin       |     9 |       ||     9
       Chain mail        |    41 |    79 ||   120
Dodge: Dodged            |    63 |    56 ||   119
